 Dungeon Crawl Stone Soup version 0.32-a0-921-g04a7ad8e02 (webtiles) character file.

Game seed: 12727801879230303385

515421 Momoko the Marksspriggan (level 24, -38/138 HPs)
             Began as a Spriggan Hunter on Apr 9, 2024.
             Was the Champion of Dithmenos.
             Killed from afar by Vv (54 damage)
             ... with a flame surge
             ... on level 2 of the Crypt on Apr 11, 2024.
             The game lasted 04:00:44 (64457 turns).

Momoko the Marksspriggan (Spriggan Hunter)         Turns: 64457, Time: 04:00:45

Health: -38/138    AC: 14    Str:  7    XL:     24   Next: 15%
Magic:  0/47       EV: 46    Int: 15    God:    Dithmenos [******]
Gold:   4200       SH:  5    Dex: 36    Spells: 18/51 levels left

rFire   . . .        b - +6 arbalest of Qolagail {heavy, rCorr}
rCold   . . .        (shield currently unavailable)
rNeg    + + +        z - +5 moon troll leather armour {Spirit, Regen++ MP+5}
rPois   .            (helmet restricted)
rElec   +            X - +2 cloak "Daocaf" {rN+}
rCorr   +            (gloves unavailable)
SInv    +            (boots unavailable)
Will    ++++.        i - amulet "Piann" {Reflect rN+ Regen+ SH+5} Stlth **++++++++
                     Z - ring of Xom's Whimsicality {rElec Dex+6}
HPRegen 2.83/turn    Y - ring "Toxuhu" {rN+ Int+3 Dex+2 Slay+4}
MPRegen 0.30/turn

%: reflection, guardian spirit
@: frozen, wreathed by umbra, quick
A: very small, no large weapons, unfitting armour, see invisible, speed 3, horns
1, iridescent scales 1
}: 2/15 runes: decaying, serpentine
a: Renounce Religion, Shadow Step, Shadow Form


You were on level 2 of the Crypt.
You worshipped Dithmenos.
Dithmenos was exalted by your worship.
You visited 9 branches of the dungeon, and saw 44 of its levels.
You also visited: Trove, Ossuary, Gauntlet, Ice Cave and Wizlab.

You collected 6302 gold pieces.
You spent 2102 gold pieces at shops.

Inventory:

Hand Weapons
 a - a +4 arbalest of draining
 b - the +6 arbalest of Qolagail (weapon) {heavy, rCorr}
   (You took it off a vampire knight on level 2 of the Depths)

   rCorr:     It protects you from acid and corrosion.
 J - a +2 arbalest of freezing
Missiles
 I - 12 curare-tipped darts
 M - 2 throwing nets
 U - 48 poisoned darts
Armour
 z - the +5 moon troll leather armour (worn) {Spirit, Regen++ MP+5}
   (You took it off a moon troll in a wizard's laboratory)

   MP+5:      It affects your magic capacity (+5).
   Regen++:   It increases your rate of health regeneration.
 X - the +2 cloak "Daocaf" (worn) {rN+}
   (You found it on level 1 of the Orcish Mines)

   rN+:       It protects you from negative energy.
Jewellery
 e - the ring of Qazlal's Esteem {Fly rPois rCorr Str+5 Dex+2}
   (You found it in a wizard's laboratory)

   [ring of flight]

   Str+5:     It affects your strength (+5).
   Dex+2:     It affects your dexterity (+2).
   rPois:     It protects you from poison.
   Fly:       It grants you flight.
   rCorr:     It protects you from acid and corrosion.
 i - the amulet "Piann" (around neck) {Reflect rN+ Regen+ SH+5}
   (You bought it in a shop on level 2 of the Elven Halls)

   [amulet of reflection]

   Reflect:   It reflects blocked missile attacks.
   rN+:       It protects you from negative energy.
   Regen+:    It increases your rate of health regeneration.
   SH+5:      It affects your SH (+5).
 l - the ring of the Will of the Gods {rF+ Dex+2 Stlth+}
   (You took it off a deep elf zephyrmancer on level 3 of the Elven Halls)

   [ring of protection from fire]

   Dex+2:     It affects your dexterity (+2).
   rF+:       It protects you from fire.
   Stlth+:    It makes you more stealthy.
 t - a ring of protection from cold
 G - a ring of poison resistance
 W - a ring of protection from fire
 Y - the ring "Toxuhu" (right hand) {rN+ Int+3 Dex+2 Slay+4}
   (You found it in a treasure trove)

   [ring of slaying]

   Int+3:     It affects your intelligence (+3).
   Dex+2:     It affects your dexterity (+2).
   Slay+4:    It affects your accuracy & damage with ranged weapons and melee
   (+4).
   rN+:       It protects you from negative energy.
 Z - the ring of Xom's Whimsicality (left hand) {rElec Dex+6}
   (You found it in a Gauntlet)

   [ring of dexterity]

   Dex+6:     It affects your dexterity (+6).
   rElec:     It insulates you from electricity.
Wands
 c - a wand of acid (26)
 H - a wand of iceblast (36)
 Q - a wand of digging (11)
Scrolls
 d - 5 scrolls of fear
 g - 6 scrolls of revelation
 k - 11 scrolls of identify
 m - 24 scrolls of teleportation
 n - 11 scrolls of blinking
 r - 6 scrolls of silence
 u - 7 scrolls of fog
 v - a scroll of brand weapon
 y - 8 scrolls of vulnerability
 C - 6 scrolls of immolation
 F - 3 scrolls of enchant weapon
 K - a scroll of enchant armour
 P - 5 scrolls of poison
 R - a scroll of summoning
 V - a scroll of amnesia
Potions
 f - 5 potions of lignification
 h - 9 potions of magic
 j - 7 potions of ambrosia
 o - 2 potions of invisibility
 p - 4 potions of resistance
 s - 12 potions of attraction
 w - 23 potions of curing
 x - 6 potions of mutation
 A - 5 potions of haste
 B - 8 potions of might
 D - 6 potions of heal wounds
 E - 11 potions of brilliance
 L - 3 potions of cancellation
 N - 4 potions of berserk rage
 O - 8 potions of enlightenment
Miscellaneous
 q - a phantom mirror (inert)
 S - a Gell's gravitambourine (inert)
 T - a lightning rod (4/4)


   Skills:
 + Level 18.2 Fighting
 - Level 20.0 Ranged Weapons
 - Level 3.0 Throwing
 - Level 6.0 Armour
 + Level 19.2 Dodging
 - Level 13.0 Stealth
 - Level 14.0 Spellcasting
 - Level 6.0 Conjurations
 - Level 11.0 Hexes
 - Level 18.5 Translocations
 - Level 6.0 Air Magic
 - Level 6.0 Earth Magic
 * Level 10.8 Alchemy
 - Level 12.0 Invocations
 * Level 16.6 Evocations


You had 18 spell levels left.
You knew the following spells:

 Your Spells              Type           Power      Damage    Failure   Level
a - Blink                 Tloc           100%       N/A       0%          2
b - Mephitic Cloud        Conj/Alch/Air  33%        N/A       1%          3
c - Dispersal             Tloc           30%        N/A       1%          6
d - Iskenderun's Mystic   Conj/Tloc      47%        2d10      (+2d51%     4
e - Dimensional Bullseye  Hex/Tloc       26%        N/A       1%          4
f - Passwall              Erth           28%        N/A       2%          3
g - Yara's Violent Unrav  Hex/Alch       21%        3d10      2%          5
h - Eringya's Noxious Bo  Alch           21%        4d6       16%         6

Your spell library contained the following spells:

 Spells                   Type           Power      Damage    Failure   Level
 Teleport Other           Tloc           60%        N/A       0%          3
 Magic Dart               Conj           100%       1d8       1%          1
 Sandblast                Erth           56%        2d13      1%          1
 Cigotuvi's Dreadful Rot  Necr/Alch/Air  54%        N/A       1%          2
 Ensorcelled Hibernation  Hex/Ice        54%        N/A       1%          2
 Jinxbite                 Hex            86%        N/A       1%          2
 Dazzling Flash           Conj/Hex       72%        N/A       1%          3
 Tukima's Dance           Hex            43%        N/A       1%          3
 Cause Fear               Hex            21%        N/A       1%          4
 Passage of Golubria      Tloc           60%        N/A       1%          4
 Vhi's Electric Charge    Tloc/Air       94%        N/A       1%          4
 Gell's Gavotte           Tloc           30%        2d(25-37) 1%          6
 Stone Arrow              Conj/Erth      56%        3d10      2%          3
 Swiftness                Air            28%        N/A       2%          3
 Fulminant Prism          Conj/Alch      17%        3d10      2%          4
 Leda's Liquefaction      Alch/Erth      17%        N/A       2%          4
 Petrify                  Alch/Erth      35%        N/A       2%          4
 Summon Forest            Summ/Tloc      19%        N/A       5%          5
 Brom's Barrelling Bould  Conj/Erth      28%        2d5       8%          4
 Silence                  Hex/Air        18%        N/A       8%          5
 Summon Small Mammal      Summ           40%        N/A       9%          1
 Anguish                  Hex/Necr       13%        N/A       10%         4
 Call Imp                 Summ           20%        N/A       14%         2
 Scorch                   Fire           20%        2d5       14%         2
 Arcjolt                  Conj/Air       14%        1d24      22%         5
 Call Canine Familiar     Summ           10%        N/A       26%         3
 Frozen Ramparts          Ice            20%        1d4       26%         3
 Ozocubu's Armour         Ice            10%        N/A       26%         3
 Summon Ice Beast         Ice/Summ       10%        N/A       26%         3
 Flame Wave               Conj/Fire      19%        2d7       26%         4
 Metabolic Englaciation   Hex/Ice        13%        N/A       26%         5
 Summon Mana Viper        Hex/Summ       27%        N/A       26%         5
 Fireball                 Conj/Fire      9%         3d6       58%         5
 Enfeeble                 Hex            21%        N/A       63%         7
 Dispel Undead            Necr           10%        3d9       65%         4
 Martyr's Knell           Necr/Summ      10%        N/A       65%         4
 Summon Blazeheart Golem  Fire/Summ      10%        N/A       65%         4
 Bombard                  Conj/Erth      14%        9d3       75%         6
 Curse of Agony           Necr           10%        N/A       94%         5
 Plasma Beam              Fire/Air       9%         2x1d20    99%         6
 Starburst                Conj/Fire      9%         6d5       99%         6
 Summon Cactus Giant      Summ           5%         N/A       100%        6
 Haunt                    Necr/Summ      5%         N/A       100%        7
 Monstrous Menagerie      Summ           5%         N/A       100%        7
 Orb of Destruction       Conj           14%        9d7       100%        7
 Summon Hydra             Summ           5%         N/A       100%        7
 Borgnjor's Revivificati  Necr           5%         N/A       100%        8
 Lehudib's Crystal Spear  Conj/Erth      14%        10d5      100%        8
 Maxwell's Capacitive Co  Air            14%        ∞         100%        8
 Death's Door             Necr           5%         N/A       100%        9
 Dragon's Call            Summ           5%         N/A       100%        9


Dungeon Overview and Level Annotations

Branches:
Dungeon (15/15)            Temple (0/1) D:7            Lair (5/5) D:8
  Swamp (4/4) Lair:2        Snake (4/4) Lair:2        Slime (0/5) Lair:4
    Orc (2/2) D:11            Elf (3/3) Orc:2        Vaults (5/5) D:13
  Crypt (2/3) Vaults:3     Depths (4/4) D:15            Zot (0/5) Depths:4
Ossuary (visited)           IceCv (visited)          WizLab (visited)
Gauntlet (visited)

Altars:
Ashenzari
Cheibriados
Dithmenos
Elyvilon
Hepliaklqana
Makhleb
Okawaru
Qazlal
Ru
Trog
Uskayaw
Vehumet
Wu Jian
Yredelemnul
Zin
The Shining One
Beogh

Shops:
D:1 (   D:7 :   D:8 (   D:9 *   D:10 ?   D:11 [   Orc:2 [[(?   Elf:1 [(
Elf:2 ?[=[   Elf:3 *   Snake:3 !   Snake:4 *   Vaults:1 (   Vaults:2 ?

Portals:
Hell: Depths:1 Depths:2 Depths:3 Depths:4
Abyss: Depths:1 Depths:2 Depths:3
Pandemonium: Depths:2
Ziggurat: Depths:4

Annotations:
D:2 exclusion: downstairs
D:7 exclusion: downstairs
D:8 Gastronok, Maggie
D:12 exclusion: downstairs
Lair:2 3 runed translucent doors, SoakedWettersCrisps's ghost, journeyman DsNe
Lair:4 exclusion: 2 downstairs
Swamp:2 exclusion: 2 downstairs
Snake:1 exclusion: downstairs
Elf:2 exclusion: 2 downstairs
Vaults:1 3 runed translucent doors, Qedwod's ghost, veteran DrFE
Vaults:2 3 runed translucent doors, exclusion: downstairs, Fubrub's ghost, veteran GnWr
Vaults:3 exclusions: Bai Suzhen and downstairs
Vaults:5 Mennas
Crypt:2 Vv
Depths:1 exclusion: downstairs


Innate Abilities, Weirdness & Mutations

You are very small and have problems with some larger weapons.
You are too small for most types of armour.
You have supernaturally acute eyesight. (SInv)
You cover ground extremely quickly. (Speed+++)
You have a pair of small horns on your head.
You are partially covered in iridescent scales. (AC +2)


Message History

Press: ? - help, Dir - look around, f - activate
Okay, then.
Casting: Eringya's Noxious Bog (dangerous; 16% risk of failure)
Confirm with . or Enter, or press ? or * to list all spells.
Aiming: Yara's Violent Unravelling (mildly dangerous; 2% risk of failure)
Press: ? - help, Dir - move target, f - you, p - Vv
Okay, then.
You feel much better.
Fire: b) +6 arbalest of Qolagail {heavy, rCorr}
Press: ? - help, Shift-Dir - straight line, f/p - Vv
Aim: Vv (almost destroyed, umbra, 78% to hit)
You shoot a bolt. The bolt hits Vv.
Vv is almost destroyed.
Vv calls freezing cold from the walls.
The frost grips you!!!
You emit a cloud of dark smoke.
You are encased in ice.
Unknown command.
Unknown command.
Fire: b) +6 arbalest of Qolagail {heavy, rCorr}
Press: ? - help, Shift-Dir - straight line, f/p - Vv
Aim: Vv (black smoke, almost destroyed, umbra, 78% to hit)
You shoot a bolt. The bolt hits Vv.
Vv is almost destroyed.
Your shadow shoots a bolt.
The bolt hits Vv but does no damage.
Vv completely misses you. Vv hits you!
You are engulfed in flames!!!
* * * LOW HITPOINT WARNING * * *
You emit a cloud of dark smoke.
Fire: b) +6 arbalest of Qolagail {heavy, rCorr}
Press: ? - help, Shift-Dir - straight line, f/p - Vv
Aim: Vv (black smoke, almost destroyed, umbra, 78% to hit)
You shoot a bolt. The bolt hits Vv.
Vv is almost destroyed.
The ice encasing you melts away.
Vv calls freezing cold from the walls.
The frost grips you!!
* * * LOW HITPOINT WARNING * * *
You are encased in ice.
Vv calls gouts of flame from the lava!
The flame surge hits you!!!
You die...

#.#.....§§# #.# ... #§# #.#
.. #§# #.#######§#.. #§#
#.....§.§§#$ #z#
......§.§§§§9...#§#
########§.#§....#.#
#§9#....>#.# #@§#######.#
#§§......z.#
#§§§)......#######
.##########.................
......)..<)...._............
..........[.................
#############.....##########
#######


You could see Vv.

Vanquished Creatures
  Frederick (Crypt:1)
  Vashnia (Snake:4)
  Bai Suzhen (Vaults:3)
  Nikola (Swamp:1)
  2 golden dragons
  Norris (Vaults:2)
  2 bone dragons
  5 tentacled monstrosities
  A walking crystal tome (Depths:2)
  5 liches
  A moon troll (WizLab)
  2 deep elf master archers (Elf:3)
  A walking divine tome (Depths:2)
  3 deep elf blademasters
  2 titans
  A quicksilver dragon (Depths:3)
  8 sphinxes
  8 tentacled starspawn (WizLab)
  2 thorn hunters
  Aizul (Swamp:4)
  6 tengu reavers
  3 storm dragons
  An azure jelly (Snake:4)
  Donald (Vaults:2)
  5 nagarajas
  A fenstrider witch (Swamp:4)
  8 fire giants
  9 vault wardens
  3 frost giants
  Louise (Snake:1)
  5 deep elf sorcerers
  2 balrugs
  A curse skull (Crypt:1)
  5 deep elf elementalists
  An iron dragon (Depths:3)
  An orc warlord (Orc:2)
  13 ironbound preservers
  2 cacodemons
  A draconian stormcaller (Depths:4)
  5 reapers
  A draconian annihilator (Depths:4)
  2 formless jellyfish
  6 ironbound thunderhulks
  2 spriggan defenders
  15 stone giants
  A caustic shrike skeleton (Crypt:1)
  7 vampire knights
  20 very ugly things
  3 dire elephants (Vaults:2)
  3 eleionomae
  5 deep elf death magi
  5 deep elf demonologists
  3 green draconians
  2 war gargoyles
  5 bunyips
  9 spark wasps
  2 purple draconians (Depths:4)
  5 deep elf annihilators (Elf:3)
  2 red draconians (Depths:4)
  2 green deaths (Depths:1)
  2 eidola
  11 ettins
  3 crystal guardians
  15 fire dragons
  8 yaktaur captains
  Josephine (Lair:4)
  3 deep elf high priests
  A shambling mangrove (Swamp:3)
  Harold (D:11)
  8 great orbs of eyes
  3 salamander tyrants (Snake:4)
  9 vault guards
  16 hydras
  12 rakshasas
  9 ice dragons
  2 peacekeepers
  An entropy weaver (Vaults:2)
  A hell beast (Depths:1)
  2 spriggan air magi
  18 anacondas
  A ghost crab (Swamp:4)
  4 two-headed ogres
  11 alligators
  8 boulder beetles
  9 ironbound frosthearts
  6 alligator snapping turtles (Snake:2)
  A caustic shrike simulacrum (IceCv)
  4 death yaks (Lair:3)
  7 centaur warriors
  8 deep troll shamans
  25 dancing weapons
  A bennu skeleton (Crypt:1)
  2 death knights
  A sphinx skeleton (Crypt:1)
  23 naga sharpshooters
  11 tengu warriors
  8 deep troll earth magi
  4 orc high priests (Orc:2)
  5 occultists
  6 spriggan berserkers
  13 shock serpents
  3 vampire magi
  Urug (Orc:1)
  13 naga warriors
  20 deep elf knights
  6 hell knights
  7 iron trolls
  5 skysharks
  7 salamander mystics
  25 skeletal warriors
  A wretched star (WizLab)
  A sixfirhy (Depths:1)
  11 goliath frogs
  Lodul (D:11)
  A death drake (Swamp:2)
  9 glowing orange brains
  19 deep elf archers
  6 arcanists
  5 spriggan druids
  A sea snake (Snake:2)
  6 swamp dragons
  43 deep trolls
  3 naga ritualists
  A mana viper (shapeshifter) (Vaults:2)
  13 mana vipers
  An orange crystal statue (WizLab)
  8 bog bodies
  A spectral alligator (Swamp:4)
  4 spectral hydras (Swamp:4)
  4 harpies
  3 obsidian statues
  4 phantasmal warriors
  6 ironbound convokers
  3 flayed ghosts
  35 deep elf pyromancers
  An alligator zombie (Swamp:4)
  4 thermic dynamos
  50 deep elf zephyrmancers
  7 orc sorcerers (Orc:2)
  8 lindwurms
  A lindwurm (shapeshifter) (Depths:2)
  An obsidian bat (Orc:2)
  26 ugly things
  A necromancer (Depths:2)
  10 orc knights
  12 starcursed masses (WizLab)
  A fire giant zombie (Crypt:2)
  A wolf spider (D:13)
  6 cyclopes
  3 will-o-the-wisps
  4 manticores
  19 salamanders
  A meliai (D:12)
  3 smoke demons (Depths:1)
  9 elephants
  48 black mambas
  6 guardian serpents
  16 naga magi
  17 vault sentinels
  6 kobold blastminers (Orc:2)
  7 torpor snails
  3 molten gargoyles (D:14)
  9 cane toads
  8 eyes of devastation (WizLab)
  4 centaur skeletons (D:13)
  3 gargoyles
  6 rime drakes
  A komodo dragon (shapeshifter) (Elf:1)
  16 komodo dragons
  3 tengu conjurers
  10 freezing wraiths
  22 yaktaurs
  Psyche (D:8)
  2 ice devils
  4 swamp worm zombies (Swamp:4)
  4 red devils (Depths:1)
  3 hydra zombies (Swamp:4)
  A hellwing (Depths:1)
  2 polar bears
  7 trolls
  7 bloated husks
  An alligator simulacrum (IceCv)
  A raiju (shapeshifter) (Elf:3)
  Prince Ribbit (D:8)
  15 tyrant leeches
  29 hornets
  3 spectral swamp dragons (Swamp:4)
  3 glass eyes (Depths:2)
  15 blink frogs
  23 dream sheep
  3 snapping turtles (Snake:2)
  28 slime creatures
  2 air elementals (Elf:2)
  18 spriggans
  2 shadows
  3 vampires (Vaults:3)
  2 ynoxinuls
  A dire elephant simulacrum (IceCv)
  A culicivora (Vaults:2)
  5 water elementals
  4 tyrant leech zombies
  6 wraiths
  7 wyverns
  66 yaks
  Eustachio (D:5)
  7 golden eyes (WizLab)
  3 basilisks
  2 steam dragons
  3 neqoxecs (WizLab)
  7 wargs
  A minotaur simulacrum (IceCv)
  4 fire elementals
  22 vampire mosquitoes
  33 nagas
  A chaos spawn (Depths:1)
  A harpy simulacrum (IceCv)
  Edmund (D:4)
  12 swamp worms
  18 water moccasins
  3 acid dragons
  A hydra simulacrum (IceCv)
  10 swamp drakes
  An ettin simulacrum (IceCv)
  4 ice beasts
  54 orc warriors
  5 swamp dragon zombies
  A black bear (D:7)
  A black bear (shapeshifter) (Elf:1)
  20 ogres
  3 boggarts
  5 laughing skulls
  7 wolves
  13 centaurs
  8 phantoms
  A salamander zombie (Crypt:1)
  2 weeping skulls
  13 bullfrogs
  2 gnoll sergeants
  4 scorpions
  A deep troll simulacrum (IceCv)
  3 wights (D:8)
  6 killer bees
  A howler monkey (shapeshifter) (D:14)
  2 electric eels
  7 howler monkeys
  3 bombardier beetles
  A centaur zombie (Ossuary)
  8 lava snakes
  A hound (D:7)
  3 jellies
  A human zombie (Ossuary)
  A gnoll bouda (D:4)
  37 orc priests
  A bullfrog skeleton (Crypt:1)
  4 iron imps (Gauntlet)
  A sleepcap (D:5)
  5 iguanas
  A basilisk skeleton (Crypt:1)
  Natasha (thrice) (D:3)
  35 orc wizards
  Terence (D:2)
  A crocodile zombie (Ossuary)
  An ogre skeleton (Crypt:1)
  3 hound zombies (Ossuary)
  3 mummies (Ossuary)
  10 gnolls
  7 adders
  3 white imps
  2 adder zombies (Ossuary)
  2 ribbon worms
  108 orcs
  6 ball pythons
  A bat (D:1)
  5 endoplasms
  3 giant cockroaches
  3 goblins
  5 hobgoblins
  9 jackals
  A quokka (D:1)
  A ball python zombie (Ossuary)
  2 gnoll zombies (Ossuary)
  A goblin zombie (Crypt:2)
  4 jackal zombies (Ossuary)
  3 kobolds
  6 kobold zombies (Ossuary)
  6 orc zombies (Ossuary)
  A quokka skeleton (Crypt:1)
  A rat (D:1)
  5 starspawn tentacles (WizLab)
2010 creatures vanquished.

Vanquished Creatures (collateral kills)
  Mlioglotl (Swamp:1)
1 creature vanquished.

Vanquished Creatures (others)
  A deep elf knight (Elf:2)
  3 deep elf pyromancers
  2 foxfires (Swamp:4)
  20 starspawn tentacles (WizLab)
26 creatures vanquished.

Grand Total: 2037 creatures vanquished

Notes
Turn   | Place    | Note
-------+----------+-------------------------------------------
     0 | D:1      | Momoko the Spriggan Hunter began the quest for the Orb.
     0 | D:1      | Reached XP level 1. HP: 10/10 MP: 2/2
    44 | D:1      | Found Loid's Weapon Emporium.
   233 | D:1      | Reached XP level 2. HP: 12/14 MP: 3/3
   683 | D:2      | Noticed Terence
   688 | D:2      | Killed Terence
   689 | D:2      | Reached skill level 5 in Ranged Weapons
   689 | D:2      | Reached XP level 3. HP: 18/18 MP: 4/4
  1861 | D:3      | Reached XP level 4. HP: 20/22 MP: 5/5
  1958 | D:3      | Noticed Natasha
  1963 | D:3      | Killed Natasha
  1968 | D:3      | Found the +11 plutonium sword {^Contam Stlth-}
  1990 | D:3      | Noticed Natasha
  1992 | D:3      | Killed Natasha
  1993 | D:3      | Reached skill level 6 in Ranged Weapons
  1993 | D:3      | Reached skill level 1 in Throwing
  1993 | D:3      | Reached XP level 5. HP: 26/26 MP: 6/6
  2007 | D:3      | Noticed Natasha
  2013 | D:3      | Killed Natasha
  2249 | D:3      | Found a snail-covered altar of Cheibriados.
  2553 | D:3      | Found a hazy altar of Hepliaklqana.
  2709 | D:3      | Found a shadowy altar of Dithmenos.
  2724 | D:3      | Became a worshipper of Dithmenos the Shadowed
  2837 | D:4      | Identified the +0 chain mail "Nynal" {Harm rElec rF+
                  | Stlth-}
  2850 | D:4      | Found a sand-covered staircase.
  2945 | Ossuary  | Entered an ossuary
  3160 | Ossuary  | Reached XP level 6. HP: 22/30 MP: 7/7
  3190 | Ossuary  | Reached skill level 1 in Evocations
  3201 | Ossuary  | Reached * piety under Dithmenos
  3416 | Ossuary  | Reached skill level 7 in Ranged Weapons
  3716 | D:4      | Reached XP level 7. HP: 35/35 MP: 8/8
  4110 | D:4      | Found a stormy altar of Qazlal.
  4405 | D:5      | Entered Level 5 of the Dungeon
  4432 | D:5      | Noticed Edmund
  4478 | D:4      | Killed Edmund
  4675 | D:5      | Reached ** piety under Dithmenos
  4694 | D:5      | Reached skill level 8 in Ranged Weapons
  4950 | D:5      | Noticed Eustachio
  5011 | D:5      | Reached XP level 8. HP: 39/39 MP: 9/9
  5016 | D:5      | Killed Eustachio
  5359 | D:6      | You fall into a shaft and drop 2 floors!
  5371 | D:8      | Noticed Maggie
  5426 | D:8      | Noticed a rime drake
  5536 | D:8      | Reached skill level 5 in Stealth
  5586 | D:8      | Reached skill level 1 in Spellcasting
  5597 | D:8      | Reached skill level 9 in Ranged Weapons
  5651 | D:8      | Reached skill level 1 in Invocations
  5861 | D:7      | Found a staircase to the Ecumenical Temple.
  6337 | D:6      | Reached XP level 9. HP: 44/44 MP: 13/13
  6417 | D:6      | Found a radiant altar of Vehumet.
  6709 | D:7      | Found Munajoh's Book Shoppe.
  7253 | D:8      | Found Egawuka's Antique Weapon Boutique.
  7262 | D:8      | Bought a glowing arbalest for 202 gold pieces
  7305 | D:8      | Noticed Gastronok
  7635 | D:8      | Reached skill level 10 in Ranged Weapons
  7640 | D:8      | Noticed Psyche
  7643 | D:8      | Killed Psyche
  8648 | D:8      | Found a staircase to the Lair.
  8670 | D:8      | Killed a rime drake
  8671 | D:8      | Reached skill level 11 in Ranged Weapons
  8723 | D:8      | Noticed Prince Ribbit
  8744 | D:8      | Killed Prince Ribbit
  9007 | D:9      | Reached *** piety under Dithmenos
  9008 | D:9      | Reached XP level 10. HP: 51/51 MP: 18/18
  9085 | D:9      | Found an ornate altar of the Wu Jian Council.
  9097 | D:9      | Gained mutation: Your magical capacity is low. (-10% MP)
                  | [potion of mutation]
  9098 | D:9      | Lost mutation: Your magical capacity is low. (-10% MP)
                  | [potion of mutation]
  9098 | D:9      | Gained mutation: You are resistant to electric shocks.
                  | (rElec) [potion of mutation]
  9098 | D:9      | Gained mutation: You are partially covered in iridescent
                  | scales. (AC +2) [potion of mutation]
  9209 | D:9      | Found a bloodstained altar of Trog.
  9309 | D:9      | Found a sacrificial altar of Ru.
  9336 | D:9      | Reached skill level 5 in Spellcasting
  9423 | D:9      | Reached skill level 12 in Ranged Weapons
  9700 | D:9      | Found a broken altar of Ashenzari.
  9700 | D:9      | Found an iron altar of Okawaru.
  9721 | D:9      | Reached skill level 5 in Fighting
  9907 | D:9      | Reached skill level 1 in Armour
 10060 | D:9      | Found Xisy's General Store.
 10102 | D:10     | Entered Level 10 of the Dungeon
 10564 | D:10     | Noticed a centaur warrior
 10574 | D:10     | Killed a centaur warrior
 10575 | D:10     | Reached skill level 13 in Ranged Weapons
 10842 | D:10     | Noticed a gargoyle
 10891 | D:10     | Killed a gargoyle
 11029 | D:10     | Found a burning altar of Makhleb.
 11350 | D:10     | Found Eptyd Haifut's Magic Scroll Shop.
 11363 | D:10     | Bought a scroll of blinking for 120 gold pieces
 11363 | D:10     | Bought a scroll of teleportation for 48 gold pieces
 11363 | D:10     | Bought a scroll of revelation for 120 gold pieces
 11750 | D:11     | Noticed a gargoyle
 11768 | D:11     | Killed a gargoyle
 11769 | D:11     | Reached XP level 11. HP: 56/56 MP: 19/19
 11787 | D:11     | Identified the ring of the Establishment {rPois rCorr
                  | Str+5}
 11849 | D:11     | Noticed Lodul
 11855 | D:11     | Killed Lodul
 11932 | D:11     | Noticed a skeletal warrior
 11933 | D:11     | Noticed a skeletal warrior
 11935 | D:11     | Noticed a skeletal warrior
 11950 | D:11     | Killed a skeletal warrior
 11982 | D:10     | Killed a skeletal warrior
 12038 | D:10     | Killed a skeletal warrior
 12112 | D:11     | Reached skill level 14 in Ranged Weapons
 12186 | D:11     | Reached **** piety under Dithmenos
 12245 | D:11     | Found a staircase to the Orcish Mines.
 12390 | D:11     | Noticed a two-headed ogre
 12413 | D:11     | Killed a two-headed ogre
 12484 | D:11     | Noticed Harold
 12494 | D:11     | Killed Harold
 12653 | D:11     | Noticed a two-headed ogre
 12658 | D:11     | Killed a two-headed ogre
 12673 | D:11     | Found Iprif's Superior Scales.
 12905 | D:12     | Noticed a two-headed ogre
 12922 | D:11     | Killed a two-headed ogre
 12976 | D:12     | Reached XP level 12. HP: 62/62 MP: 20/20
 12985 | D:12     | Reached skill level 5 in Dodging
 12993 | D:12     | Noticed a boulder beetle
 13005 | D:12     | Killed a boulder beetle
 13006 | D:12     | Reached skill level 5 in Armour
 13028 | D:12     | Reached skill level 15 in Ranged Weapons
 13051 | D:12     | Noticed a centaur warrior
 13058 | D:12     | Killed a centaur warrior
 13275 | D:12     | Noticed a centaur warrior
 13280 | D:12     | Killed a centaur warrior
 13340 | D:12     | Reached ***** piety under Dithmenos
 13579 | D:12     | Noticed a boulder beetle
 13589 | D:12     | Killed a boulder beetle
 13741 | D:12     | Found a runed translucent door.
 13743 | D:12     | Noticed a storm dragon
 13856 | D:12     | Killed a storm dragon
 14200 | D:12     | Identified the +7 mace "Nazisu" {protect, rC+ Str+3}
 14202 | D:12     | Identified the +8 chain mail of Xousann {rN+ Int+2}
 14265 | D:12     | Reached skill level 16 in Ranged Weapons
 14272 | D:13     | Noticed a boulder beetle
 14280 | D:13     | Killed a boulder beetle
 14320 | D:13     | Noticed a boulder beetle
 14329 | D:13     | Killed a boulder beetle
 14441 | D:13     | Reached XP level 13. HP: 67/67 MP: 21/21
 14709 | D:13     | Reached skill level 5 in Evocations
 14908 | D:13     | Found a portal to a secret trove of treasure.
 15338 | D:13     | Identified the +6 falchion of Uncertain Death {flame, rN+
                  | Str+2}
 15496 | D:13     | Found a gate to the Vaults.
 16190 | D:14     | Reached skill level 17 in Ranged Weapons
 16720 | D:15     | Entered Level 15 of the Dungeon
 17059 | D:14     | Reached skill level 5 in Invocations
 17514 | D:15     | Learned a level 2 spell: Blink
 17581 | D:15     | Reached XP level 14. HP: 60/73 MP: 16/22
 17754 | D:15     | Reached skill level 1 in Translocations
 18158 | D:15     | Reached ****** piety under Dithmenos
 18426 | D:15     | Found a staircase to the Depths.
 18593 | Orc:1    | Entered Level 1 of the Orcish Mines
 18991 | Orc:1    | Found a runed translucent door.
 18994 | Orc:1    | Noticed a balrug
 19150 | Orc:1    | Killed a balrug
 19151 | Orc:1    | Reached skill level 10 in Stealth
 19199 | Orc:1    | Identified the +2 cloak "Daocaf" {rN+}
 19274 | Orc:2    | Entered Level 2 of the Orcish Mines
 19693 | Orc:2    | Learned a level 3 spell: Mephitic Cloud
 19862 | Orc:1    | Noticed Urug
 19889 | Orc:1    | Killed Urug
 19993 | Orc:2    | Reached skill level 1 in Alchemy
 20294 | Orc:2    | Reached skill level 1 in Air Magic
 20334 | Orc:2    | Found a roughly hewn altar of Beogh.
 20377 | Orc:2    | Found Cokkarr's Magic Scroll Emporium.
 20420 | Orc:2    | Bought a scroll of fear for 52 gold pieces
 20420 | Orc:2    | Bought 2 scrolls of identify for 52 gold pieces
 20576 | Orc:2    | Found Sesidd's Antique Weapon Shoppe.
 20713 | Orc:2    | Reached skill level 18 in Ranged Weapons
 20759 | Orc:2    | Bought a glowing arbalest for 195 gold pieces
 20939 | Orc:2    | Reached skill level 10 in Dodging
 20952 | Orc:2    | Noticed an orc warlord
 20997 | Orc:2    | Killed an orc warlord
 21076 | Orc:2    | Found a staircase to the Elven Halls.
 21157 | Orc:2    | Identified the +4 scimitar "Ufanib" {flame, Stlth+}
 21228 | Orc:2    | Reached skill level 5 in Translocations
 21322 | Orc:2    | Found Fesuef's Armour Shoppe.
 21341 | Orc:2    | Found a roughly hewn altar of Beogh.
 21425 | Orc:2    | Found Asissui's Antique Armour Emporium.
 21638 | Orc:2    | Bought an embroidered cloak for 195 gold pieces
 21853 | Lair:1   | Entered Level 1 of the Lair of Beasts
 21960 | Lair:1   | Reached XP level 15. HP: 79/79 MP: 23/23
 22114 | Lair:1   | Found a gate leading to a gauntlet.
 22123 | Gauntlet | Entered a Gauntlet
 22123 | Gauntlet | Found a transporter.
 22133 | Gauntlet | Found a transporter.
 22146 | Gauntlet | Found a transporter.
 22147 | Gauntlet | Found a transporter.
 22156 | Gauntlet | Found a transporter.
 22172 | Gauntlet | Found a transporter.
 22183 | Gauntlet | Found a transporter.
 22191 | Gauntlet | Found a runed translucent gate.
 22191 | Gauntlet | Found a runed translucent gate.
 22191 | Gauntlet | Found a runed translucent gate.
 22196 | Gauntlet | Found a transporter.
 22213 | Gauntlet | Found a transporter.
 22224 | Gauntlet | Found a transporter.
 22225 | Gauntlet | Found a transporter.
 22267 | Gauntlet | Found a transporter.
 22281 | Gauntlet | Found a transporter.
 22295 | Gauntlet | Found a transporter.
 22548 | Gauntlet | Identified the ring of Xom's Whimsicality {rElec Dex+6}
 22616 | Gauntlet | Identified the staff of Crusades {rF+ Str+2 Fire}
 23224 | D:7      | Bought a There-And-Back Book for 432 gold pieces
 23231 | D:7      | Learned a level 6 spell: Dispersal
 23440 | Lair:2   | Found a staircase to the Snake Pit.
 23451 | Lair:2   | Found a runed translucent gate.
 23451 | Lair:2   | Found a runed translucent gate.
 23453 | Lair:2   | Found a runed translucent gate.
 23459 | Lair:2   | Noticed SoakedWettersCrisps's ghost (journeyman DsNe)
 23508 | Lair:2   | Reached skill level 1 in Conjurations
 23843 | Lair:2   | Found a staircase to the Swamp.
 25296 | Lair:4   | Found a staircase to the Slime Pits.
 25412 | Lair:4   | Reached skill level 5 in Alchemy
 25597 | Lair:4   | Found a bloodstained altar of Trog.
 25664 | Lair:4   | Noticed Josephine
 25667 | Lair:4   | Killed Josephine
 26117 | Lair:5   | Entered Level 5 of the Lair of Beasts
 26826 | Lair:5   | Reached skill level 10 in Translocations
 26865 | Lair:5   | Reached XP level 16. HP: 58/84 MP: 14/24
 26986 | Lair:5   | Got an earthy gem with 560 turns to spare
 27582 | Lair:5   | Reached skill level 10 in Invocations
 27868 | Lair:5   | Paralysed by a hornet for 1 turns
 28346 | Snake:1  | Entered Level 1 of the Snake Pit
 28369 | Snake:1  | Noticed Louise
 28393 | Snake:1  | Killed Louise
 29044 | Snake:1  | Learned a level 4 spell: Iskenderun's Mystic Blast
 30016 | Snake:2  | Reached skill level 15 in Translocations
 30615 | Snake:2  | Reached XP level 17. HP: 87/87 MP: 25/25
 31238 | Snake:2  | Learned a level 4 spell: Dimensional Bullseye
 31267 | Snake:3  | Reached skill level 1 in Hexes
 31810 | Snake:3  | Reached skill level 5 in Hexes
 31945 | Snake:3  | Found Vilevill's Distillery.
 32102 | Snake:4  | Entered Level 4 of the Snake Pit
 32143 | Snake:4  | Noticed Vashnia
 32174 | Snake:4  | Found a glacial archway.
 32269 | IceCv    | Entered an ice cave
 32851 | IceCv    | Reached skill level 5 in Conjurations
 33412 | Snake:4  | Found Ykhluj's Neck Hole.
 33809 | Snake:4  | Killed Vashnia
 34351 | Snake:4  | Reached XP level 18. HP: 93/93 MP: 24/26
 34410 | Snake:4  | Reached skill level 10 in Fighting
 35088 | Snake:4  | Reached skill level 10 in Evocations
 35362 | Snake:4  | Got a serpentine rune of Zot
 35681 | Vaults:1 | Entered Level 1 of the Vaults
 35893 | Vaults:1 | Found a runed translucent gate.
 35894 | Vaults:1 | Found a runed translucent gate.
 35894 | Vaults:1 | Found a runed translucent gate.
 35896 | Vaults:1 | Noticed Qedwod's ghost (veteran DrFE)
 35996 | Vaults:1 | Found Lyithriykk's Antique Weapon Emporium.
 37459 | Vaults:2 | Noticed Norris
 37471 | Vaults:2 | Killed Norris
 37736 | Vaults:2 | Reached skill level 5 in Air Magic
 37991 | Vaults:2 | Reached XP level 19. HP: 99/102 MP: 21/28
 38097 | Vaults:2 | Found a runed translucent gate.
 38097 | Vaults:2 | Found a runed translucent gate.
 38097 | Vaults:2 | Found a runed translucent gate.
 38261 | Vaults:2 | Noticed Fubrub's ghost (veteran GnWr)
 38401 | Vaults:2 | Noticed Donald
 38417 | Vaults:2 | Killed Donald
 38476 | Vaults:2 | Found Inucwuy's Magic Scroll Shoppe.
 38484 | Vaults:2 | Bought a scroll of identify for 34 gold pieces
 38484 | Vaults:2 | Bought a scroll of identify for 34 gold pieces
 39177 | Vaults:2 | Found Inucwuy's Magic Scroll Shoppe.
 39831 | Vaults:3 | Found a magical portal.
 39836 | WizLab   | Entered Lehudib's Moon Base
 39837 | WizLab   | Upgraded the game from 0.32-a0-913-g739538afd8 to
                  | 0.32-a0-918-g0f22ef8d61
 40037 | WizLab   | Found a transporter.
 41431 | WizLab   | Found a transporter.
 41502 | WizLab   | Paralysed by accursed screaming for 2 turns
 41769 | WizLab   | Lost mutation: You are partially covered in iridescent
                  | scales. (AC +2) [a cacodemon]
 41771 | WizLab   | Gained mutation: You are weak. (Str -2) [a cacodemon]
 42094 | WizLab   | Identified the ring of Qazlal's Esteem {Fly rPois rCorr
                  | Str+5 Dex+2}
 42339 | WizLab   | Identified the ring "Iddeupam" {rN+ rCorr EV+5 Str-2 Dex+2}
 42350 | WizLab   | Identified the amulet "Rohunige" {Acrobat -Cast rPois rC++}
 42380 | WizLab   | Got Lehudib's Guidebook on the Reconfigured Tektite
 42385 | WizLab   | Learned a level 3 spell: Passwall
 42417 | Vaults:3 | Lost mutation: You are weak. (Str -2) [potion of mutation]
 42417 | Vaults:3 | Lost mutation: You are resistant to electric shocks.
                  | (rElec) [potion of mutation]
 42417 | Vaults:3 | Gained mutation: You occasionally lose the ability to read
                  | scrolls when taking damage. [potion of mutation]
 42417 | Vaults:3 | Gained mutation: You are occasionally teleported next to
                  | monsters. [potion of mutation]
 42417 | Vaults:3 | Gained mutation: Your body sometimes deteriorates upon
                  | taking damage. [potion of mutation]
 42417 | Vaults:3 | Gained mutation: You are agile. (Dex +4, Str/Int -1)
                  | [potion of mutation]
 42418 | Vaults:3 | Lost mutation: Your body sometimes deteriorates upon taking
                  | damage. [potion of mutation]
 42418 | Vaults:3 | Lost mutation: You are occasionally teleported next to
                  | monsters. [potion of mutation]
 42418 | Vaults:3 | Gained mutation: Your muscles are strong. (Str +4, Int/Dex
                  | -1) [potion of mutation]
 42418 | Vaults:3 | Lost mutation: Your muscles are strong. (Str +4, Int/Dex
                  | -1) [potion of mutation]
 42418 | Vaults:3 | Gained mutation: You are vulnerable to heat. (rF-) [potion
                  | of mutation]
 42419 | Vaults:3 | Lost mutation: You occasionally lose the ability to read
                  | scrolls when taking damage. [potion of mutation]
 42419 | Vaults:3 | Lost mutation: You are agile. (Dex +4, Str/Int -1) [potion
                  | of mutation]
 42419 | Vaults:3 | Lost mutation: You are vulnerable to heat. (rF-) [potion of
                  | mutation]
 42419 | Vaults:3 | Gained mutation: You are covered in fur. (AC +1) [potion of
                  | mutation]
 42420 | Vaults:3 | Lost mutation: You are covered in fur. (AC +1) [potion of
                  | mutation]
 42420 | Vaults:3 | Gained mutation: You have a pair of small horns on your
                  | head. [potion of mutation]
 42420 | Vaults:3 | Gained mutation: You are partially covered in iridescent
                  | scales. (AC +2) [potion of mutation]
 42592 | Vaults:3 | Found a staircase to the Crypt.
 42627 | Vaults:3 | Noticed Bai Suzhen
 42722 | Vaults:3 | Reached skill level 1 in Earth Magic
 42956 | Vaults:3 | Reached skill level 15 in Dodging
 43547 | Vaults:3 | Reached XP level 20. HP: 110/110 MP: 29/29
 43799 | Vaults:3 | Killed Bai Suzhen
 45370 | Vaults:5 | Entered Level 5 of the Vaults
 45370 | Vaults:5 | Noticed a golden dragon
 45370 | Vaults:5 | Noticed Mennas
 45372 | Vaults:5 | Noticed an ancient lich
 45691 | Swamp:1  | Entered Level 1 of the Swamp
 45729 | Swamp:1  | Noticed Mlioglotl
 45756 | Swamp:1  | Killed Mlioglotl
 45884 | Swamp:1  | Noticed Nikola
 45917 | Swamp:1  | Killed Nikola
 45918 | Swamp:1  | Reached skill level 5 in Earth Magic
 46404 | Swamp:2  | Identified the +0 mace of Resourcefulness {pain, rElec rC+}
 47305 | Swamp:3  | Learned a level 5 spell: Yara's Violent Unravelling
 48020 | Swamp:4  | Entered Level 4 of the Swamp
 48083 | Swamp:4  | Identified the +4 rapier "Tukoi" {heavy, rN+}
 48089 | Swamp:4  | Identified the serpent talisman of Lust {*Slow rElec Int+3
                  | SInv}
 48089 | Swamp:4  | Noticed Aizul
 48095 | Swamp:4  | Killed Aizul
 48333 | Swamp:4  | Reached XP level 21. HP: 116/116 MP: 31/31
 48922 | Swamp:4  | Got a decaying rune of Zot
 49732 | Elf:1    | Entered Level 1 of the Elven Halls
 49788 | Elf:1    | Reached skill level 10 in Alchemy
 50053 | Elf:1    | Found Molas's Weapon Shoppe.
 50058 | Elf:1    | Found Appataiv's Armour Emporium.
 50379 | Elf:1    | Reached skill level 15 in Fighting
 50634 | Elf:2    | Found Meacw's Magic Scroll Emporium.
 50649 | Elf:2    | Reached skill level 19 in Ranged Weapons
 50720 | Elf:2    | Found Miviakk's Antique Armour Shop.
 50961 | Elf:2    | Found Xoik's Jewellery Emporium.
 50969 | Elf:2    | Bought the amulet "Piann" {Reflect rN+ Regen+ SH+5} for 618
                  | gold pieces
 51089 | Elf:2    | Found a runed translucent gate.
 51090 | Elf:2    | Found a runed translucent gate.
 51090 | Elf:2    | Found a runed translucent gate.
 51280 | Elf:2    | Found Jiepp's Armour Shop.
 51382 | Elf:2    | Paralysed by an air elemental for 1 turns
 51653 | Elf:2    | Reached skill level 10 in Hexes
 51788 | Elf:2    | Reached skill level 10 in Spellcasting
 52172 | Elf:3    | Entered Level 3 of the Elven Halls
 52524 | Elf:3    | Found Hetuar's Assorted Antiques.
 52767 | Elf:3    | Reached XP level 22. HP: 107/123 MP: 35/37
 52957 | Elf:3    | Identified the ring of the Will of the Gods {rF+ Dex+2
                  | Stlth+}
 53002 | Elf:3    | Identified the amulet of Cyaras {rPois rC- RegenMP+ Dex+8}
 53004 | Elf:3    | Identified the staff of Duty {rC+ rCorr Necro Ice}
 53319 | Elf:3    | Identified the staff of Hassoun {rPois rCorr Int+5 Alchemy}
 53326 | Elf:3    | Identified the ring "Alecwup" {Ice rElec Str-3 Int+7}
 53874 | Elf:3    | Identified the +5 ring mail of the Bellicose God {rPois
                  | Dex+5}
 53904 | Elf:3    | Got Gytub's Catalogue of Injury and the Geodesic
 54336 | Depths:1 | Entered Level 1 of the Depths
 54973 | Depths:1 | Found a hide-covered altar of Uskayaw.
 55050 | Depths:1 | Identified the +0 lajatang of Domination {freeze, rElec
                  | Int-2 Stlth+}
 55181 | Depths:1 | You are sucked into a shaft and drop 1 floor!
 55679 | Depths:2 | Identified the +6 arbalest of Qolagail {heavy, rCorr}
 55708 | Depths:2 | Found a one-way gate leading to the halls of Pandemonium.
 55823 | Depths:2 | Found a gateway to Hell.
 56409 | Depths:2 | Found a one-way gate to the infinite horrors of the Abyss.
 56669 | Depths:2 | Reached skill level 15 in Evocations
 56707 | Depths:2 | Found a runed translucent door.
 56707 | Depths:2 | Found a runed translucent door.
 57219 | Depths:1 | Found a glowing golden altar of the Shining One.
 57219 | Depths:1 | Found a white marble altar of Elyvilon.
 57220 | Depths:1 | Found a glowing silver altar of Zin.
 57370 | Depths:1 | Reached XP level 23. HP: 130/130 MP: 40/40
 58756 | Depths:2 | Reached skill level 20 in Ranged Weapons
 59031 | Depths:2 | Identified the +3 long sword of Bodily Harmony {holy, rF++
                  | Dex-4}
 59034 | Depths:2 | Identified the +3 short sword of the Unseen Realm {chaos,
                  | SInv}
 61380 | Depths:4 | Entered Level 4 of the Depths
 61404 | Depths:4 | Learned a level 6 spell: Eringya's Noxious Bog
 61640 | Depths:4 | Found a broken altar of Ashenzari.
 61746 | Depths:4 | Found a gate to the Realm of Zot.
 61983 | Depths:4 | Identified the +1 robe "Woppure" {rElec SInv}
 62215 | Depths:4 | Found a one-way gateway to a ziggurat.
 62865 | D:13     | You paid a toll of a +5 demon blade to enter a treasure
                  | trove
 62866 | Trove    | Entered a treasure trove
 62884 | Trove    | Identified the ring of Xurphycay {rElec rN+ Slay-2 Stlth+}
 62902 | Trove    | Identified the ring "Toxuhu" {rN+ Int+3 Dex+2 Slay+4}
 62908 | Trove    | Identified the amulet of the Haunted Eggfruit {rC+
                  | RegenMP+}
 63251 | Elf:3    | Upgraded the game from 0.32-a0-918-g0f22ef8d61 to
                  | 0.32-a0-921-g04a7ad8e02
 63637 | Crypt:1  | Entered Level 1 of the Crypt
 63842 | Crypt:1  | Identified the orb "Poufoc" {*channel, Fly rN+ Will+ Dex+4}
 63842 | Crypt:1  | Noticed Frederick
 63884 | Crypt:1  | Killed Frederick
 63885 | Crypt:1  | Reached XP level 24. HP: 129/137 MP: 41/42
 64253 | Crypt:2  | Found a basalt altar of Yredelemnul.
 64377 | Crypt:2  | Noticed Vv
 64457 | Crypt:2  | Killed from afar by Vv

Illustrated notes

Levels and vault maps discovered:
D:1:      dpeg_arrival_round_a, layout_basic, serial_shops, shop
D:2:      layout_basic, uniq_terence
D:3:      cheibrodos_old_hovel, layout_basic, grunt_dithmenos_smoke,
          lemuel_coloured_pillars_altar, nicolae_overflow_hidden_temple,
          serial_bayou_crossing, uniq_natasha
D:4:      layout_basic, nicolae_qazlal_general_emergency,
          mainiacjoe_ossuary_entry_dusty_tomb
D:5:      layout_basic, uniq_edmund, uniq_eustachio
D:6:      layout_loops_ring, amcnicky_altar_gilded
D:7:      layout_basic, minmay_temple_entry_junction_2, serial_shops, shop
D:8:      layout_loops_ring, hellmonk_lair_entry_icy, serial_shops, shop,
          uniq_maggie, uniq_prince_ribbit1, uniq_psyche, uniq_gastronok
D:9:      layout_irregular_city, nicolae_wu_jian_wuxing_cycle,
          nicolae_ru_awakened_eye, jmf_multi_god_temple, kennysheep_mini_moat,
          serial_shops, nicolae_shop_window_shopping, feat_on_display
D:10:     layout_basic, mainiacjoe_overflow_boulevard, serial_shops,
          nicolae_lakefront_shop, minmay_misc_feat_more_columns
D:11:     layout_irregular_city, david_orc_4, minivault_5, serial_bayou_pond_b,
          hellmonk_scale_shop, uniq_harold, uniq_lodul
D:12:     layout_irregular_city, minmay_st_funbox,
          nicolae_twisty_statue_hallways
D:13:     minmay_bloctagon_deflated, layout_rooms,
          hangedman_vaults_entry_quadrant_bands, nicolae_trove_entry_diagonal
D:14:     layout_basic, kennysheep_boxes, lemuel_flamethrower_2
D:15:     hangedman_depths_entry_try_elsewhere_first, layout_small_grid,
          hangedman_decor_slide_cut, hangedman_aviary
Lair:1:   layout_misc_corridors, gauntlet_entry_generic, grunt_megastairs_1
Lair:2:   layout_hall_layers, alex1729_swamp_entry_worm_eleionoma,
          guppyfry_snake_entry_island, ebering_ghost_rock_garden
Lair:3:   layout_misc_corridors, grunt_megastairs_4
Lair:4:   layout_cellular_growth, slime_entry_2, basic_altar,
          beast_lair_carwin_10, uniq_josephine
Lair:5:   guppyfry_lair_end_dragon, layout_cave_pods, wormcave,
          nicolae_lair_grove_arrangements
Swamp:1:  layout_basic_swamp, evilmike_swamp_ruin_house_4, swamp_pool_5,
          uniq_nikola, uniq_mlioglotl
Swamp:2:  layout_falls_marsh, serial_swamp_ruin, evilmike_swamp_ruin_house_1,
          evilmike_swamp_ruin_house_3
Swamp:3:  cheibrodos_swamp_heart_of_darkness, layout_basic_swamp,
          evilmike_swamp_ruin_rubble_1, swamp_pool_5, hangedman_swamp_dais
Swamp:4:  swamp_pestilence, layout_basic_swamp, nicolae_swamp_tree_isthmus,
          uniq_aizul
Snake:1:  nicolae_snake_crotalidae_crossing, layout_chambers, uniq_louise
Snake:2:  layout_basic, nicolae_snake_herptile_family_reunion
Snake:3:  layout_rooms, serial_shops, nicolae_shop_hallway_plus
Snake:4:  snake_pit_salamanders_mu, layout_misc_corridors,
          portal_ice_cave_entry_frozen_things,
          nicolae_shop_sticking_my_neck_out, uniq_vashnia
Orc:1:    dreamdust_dug_too_deep, layout_diamond_mine, uniq_urug
Orc:2:    pubby_orc_utopia
Elf:1:    eino_elf_arrival_shootout, layout_geoelf_grid,
          hangedman_elf_disciples, minmay_shoptagon
Elf:2:    nicolae_elf_blades_crystal_corner, layout_onion_city, serial_shops,
          shop, shop, nicolae_shop_gaudy_bauble, shop, grunt_ministairs_11
Elf:3:    grunt_elf_hall_branching, layout_geoelf_grid, serial_shops, shop
Vaults:1: gammafunk_ghost_spectres, nicolae_vaults_shrinking_rooms_1,
          ontoclasm_vaults_ring_large, ontoclasm_vaults_pinch,
          nicolae_vaults_tetromino_T_2, vaults_mumra_hexcomb,
          nicolae_vaults_diamond_1, layout_vaults_omnicross, serial_shops, shop
Vaults:2: gammafunk_ghost_tricky_traps, vaults_room_corners,
          vaults_mumra_minichess, nicolae_vaults_know_your_exits,
          nicolae_vaults_layer_cake_slice, vaults_room_corners,
          grunt_vaults_swirl, nicolae_vaults_tangram_1, grunt_vaults_twisty,
          ontoclasm_vaults_eye, vaults_room_fancy_cross,
          vaults_dpeg_emergency_exit, layout_vaults_ring, serial_shops, shop,
          uniq_donald, uniq_norris
Vaults:3: mu_enter_wizlab_2, nicolae_vaults_trapezoid_3,
          minmay_crypt_entry_vampire_xt, nicolae_vaults_big_angled_halls,
          nicolae_vaults_shipping_containers_4, vaults_dpeg_diagonal, v_misc_24,
          serial_ice_h, nicolae_vaults_cochlea, layout_vaults_chaotic_city,
          uniq_bai_suzhen
Vaults:4: vaults_room_door_hall, v_alt_pattern_2, nicolae_vaults_specimen_jars,
          layout_vaults_omnigrid
Vaults:5: uniq_mennas
Crypt:1:  layout_chaotic_city, uniq_frederick
Crypt:2:  layout_chaotic_city, basic_altar, uniq_vv
Depths:1: layout_honeycomb, good_gods_temple_1, grunt_hell_entry_demonic_statue,
          regret_index_abyss_entry_earlier_magic,
          chequers_serial_rivers_small_b, eat_drink_and_be_merry_uskayaw
Depths:2: minmay_the_grid_triangle_9x9_rhombus_full
          [minmay_the_grid_triangle_9x9_skeleton,
          minmay_the_grid_triangle_9x9_impossible_snake,
          minmay_the_grid_triangle_9x9_cache,
          minmay_the_grid_triangle_9x9_stretched_checkered,
          minmay_the_grid_triangle_9x9_minimal,
          minmay_the_grid_triangle_9x9_dagger,
          minmay_the_grid_triangle_9x9_tough_junction,
          minmay_the_grid_triangle_9x9_prize_center], layout_honeycomb,
          hangedman_decor_clover_reticule, grunt_pan_entry_zigzag,
          pf_hell_entry_tar_spiral, abyss_entry, evilmike_ambush
          [evilmike_ambush_outer_basic, evilmike_ambush_inner_basic]
Depths:3: cheibrodos_salmonella, layout_cave_pools,
          pf_vacation_house_of_asmodeus, abyss_entry,
          kennysheep_underground_church
Depths:4: grunt_zot_entry_tricorne, layout_honeycomb, enter_ziggurat_a,
          ashenzari_conservatory_becter, hell_entry, serial_bayou_shore_b

Skill      XL: |  1  2  3  4  5  6  7  8  9 10 11 12 13 14 15 16 17 18 19 20 21 22 23 |
---------------+----------------------------------------------------------------------+-----
Ranged Weapons | 5 6 7 8 9 11 13 14 16 17 18 19 20 | 20.0
Throwing       | 1 2 3 |  3.0
Fighting       | 2 3 4 5 6 7 8 9 11 13 14 15 17 18 | 18.2
Evocations     | 2 3 4 7 8 9 11 12 14 15 16 | 16.6
Stealth        | 2 4 6 8 9 10 11 12 13 | 13.0
Spellcasting   | 2 4 5 6 10 12 14 | 14.0
Invocations    | 1 2 3 5 6 9 10 11 12 | 12.0
Armour         | 2 4 5 6 |  6.0
Dodging        | 4 7 9 10 11 13 15 16 19 | 19.2
Translocations | 5 10 16 18 | 18.5
Alchemy        | 3 5 8 9 10 | 10.8
Air Magic      | 2 4 5 6 |  6.0
Conjurations   | 3 6 |  6.0
Hexes          | 6 10 11 | 11.0
Earth Magic    | 2 6 |  6.0

Action                     |  1- 3 |  4- 6 |  7- 9 | 10-12 | 13-15 | 16-18 | 19-21 | 22-24 || total
---------------------------+-------+-------+-------+-------+-------+-------+-------+-------++-------
   Fire: Shortbow          |    81 |   241 |   257 |       |       |       |       |       ||   579
         Arbalest          |       |       |    73 |   476 |  1409 |  1537 |  1887 |  1232 ||  6614
         Orcbow            |       |       |    18 |       |       |       |       |       ||    18
  Throw: Dart              |     2 |       |    44 |    26 |     7 |     2 |       |     1 ||    82
   Cast: Iskenderun's Myst |       |       |       |       |       |     1 |       |     5 ||     6
         Mephitic Cloud    |       |       |       |       |       |    14 |     6 |    28 ||    48
         Yara's Violent Un |       |       |       |       |       |       |     3 |    21 ||    24
         Passwall          |       |       |       |       |       |       |       |     2 ||     2
         Dispersal         |       |       |       |       |       |       |       |     1 ||     1
         Dimensional Bulls |       |       |       |       |       |       |       |     1 ||     1
  Evoke: Wand              |       |       |     5 |       |       |       |       |     1 ||     6
         Lightning rod     |       |       |       |       |     2 |     3 |     5 |     4 ||    14
         Gell's gravitambo |       |       |       |       |     1 |     5 |     3 |     5 ||    14
         Phantom mirror    |       |       |       |       |       |       |     1 |     3 ||     4
    Use: Scroll            |       |       |    13 |     2 |     4 |    12 |     5 |     6 ||    42
         Potion            |       |       |     1 |     2 |       |       |     4 |     2 ||     9
 Armour: Robe              |    13 |    48 |    27 |       |       |       |       |       ||    88
         Acid dragon scale |       |       |    10 |    99 |       |       |       |       ||   109
         Troll leather arm |       |       |       |     1 |   185 |   247 |   172 |   202 ||   807
  Dodge: Dodged            |    10 |    73 |    66 |   230 |   549 |   668 |   648 |   733 ||  2977
  Block: Other             |       |       |       |       |       |       |    63 |   103 ||   166
         Reflection        |       |       |       |       |       |       |    10 |    11 ||    21

Table legend: (Time is in decaauts)
 A = Elapsed time spent in this place.
 B = Non-inter-level travel time spent in this place.
 C = Inter-level travel time spent in this place.
 D = Time resting spent in this place.
 E = Time spent auto-exploring this place.
 F = Levels seen in this place.
 G = Mean time per level.
                   A        B        C        D        E       F      G
               +--------+--------+--------+--------+--------+-----+--------+
         Total |  47960 |  44498 |   3462 |   6746 |  23966 |  49 |  978.8 |
       Dungeon |  13857 |  12562 |   1295 |   2313 |   6934 |  15 |  923.8 |
          Lair |   4251 |   3921 |    330 |    307 |   2502 |   5 |  850.2 |
         Swamp |   2725 |   2546 |    179 |    145 |   1519 |   4 |  681.2 |
     Snake Pit |   4647 |   4481 |    166 |    450 |   2502 |   4 | 1161.8 |
  Orcish Mines |   2618 |   2264 |    354 |    445 |   1052 |   2 | 1309.0 |
   Elven Halls |   3563 |   3263 |    300 |    578 |   1672 |   3 | 1187.7 |
        Vaults |   5267 |   4896 |    371 |    193 |   3233 |   5 | 1053.4 |
         Crypt |    666 |    656 |     10 |      3 |    355 |   2 |  333.0 |
        Depths |   6528 |   6077 |    451 |    958 |   3233 |   4 | 1632.0 |
         Trove |     38 |     38 |      0 |      0 |      0 |   1 |   38.0 |
       Ossuary |    547 |    547 |      0 |     76 |    221 |   1 |  547.0 |
      Ice Cave |    927 |    927 |      0 |    530 |     25 |   1 |  927.0 |
        Wizlab |   1960 |   1960 |      0 |    635 |    583 |   1 | 1960.0 |
      Gauntlet |    361 |    361 |      0 |    110 |    128 |   1 |  361.0 |
               +--------+--------+--------+--------+--------+-----+--------+

Top non-repeatable levels by time:
Depths:2: 3588 daAuts
Vaults:2: 2324 daAuts
  WizLab: 1960 daAuts
   Orc:2: 1902 daAuts
 Snake:4: 1761 daAuts
   Elf:2: 1635 daAuts
     D:9: 1386 daAuts
     D:8: 1382 daAuts
  Lair:5: 1344 daAuts
Depths:1: 1292 daAuts
 Snake:2: 1251 daAuts
    D:12: 1243 daAuts
   Elf:3: 1200 daAuts
Vaults:3: 1155 daAuts
    D:14: 1128 daAuts
